Blues vs Ducks

Created - November 26, 2025 at 19:01

Goals
1 2 3 T
Blues 2 0 2 4
Ducks 1 0 0 1
Shots
1 2 3 T
Blues 13 10 11 34
Ducks 14 4 8 26

1st period

1. Blues , Alexander Kerfoot 6 (Filip Forsberg 7) at 5:58 (PP)
2. Blues , Dominik Simon 2 (Alexander Kerfoot 8, Filip Forsberg 8) at 6:30
3. Ducks , Adam Gaudette 4 (Cody Eakin 5) at 9:42

Penalties :
Adrian Kempe (Ana) for Hooking (Minor) at 5:51, Ethan Bear (Stl) for High sticking (Minor) at 19:02

2nd period

No Goal

Penalties :
Adam Larsson (Ana) for Tripping (Minor) at 4:53, Cody Eakin (Ana) for Holding (Minor) at 11:54, Adam Larsson (Ana) for Cross-checking (Minor) at 16:57

3rd period

4. Blues , Vincent Trocheck 3 (Nikolaj Ehlers 2, Jeremy Lauzon 2) at 16:22
5. Blues , Alexander Kerfoot 7 (Filip Forsberg 9, Seth Jones 7) at 17:49

Penalties :
Adrian Kempe (Ana) for Tripping (Minor) at 0:28, Adam Gaudette (Ana) for Roughing (Minor) at 4:03, Adam Gaudette (Ana) for Roughing (Minor) at 12:30

Goalie Stats

Jake Oettinger (Stl), 25 saves from 26 shots - (0.962), W, 2-5-0, 60:00 minutes
Michal Neuvirth (Ana), 30 saves from 34 shots - (0.882), L, 4-4-0, 60:00 minutes

Players Stats for Blues

Player Name              G  A  P  +/- PIM S  H  SB GA TA FO     MP     PP MP  PK MP  
------------------------------------------------------------------------------------
Alexander Kerfoot        2  1  3   0  0   3  1  0  0  0  15/29  22:02   7:40   0:00 
Cody Ceci                0  0  0  -1  0   3  1  1  0  0  0/0    17:23   0:00   1:18 
Dominik Simon            1  0  1   1  0   3  0  0  0  0  0/0    15:05   4:18   0:00 
Ethan Bear               0  0  0   1  2   2  0  1  2  0  0/0    19:31   0:00   0:00 
Filip Forsberg           0  3  3   0  0   4  4  0  0  0  3/4    22:11   7:43   0:00 
Henri Jokiharju          0  0  0  -1  0   0  0  0  0  1  0/0    19:29   3:41   0:41 
Jeremy Lauzon            0  1  1   2  0   2  1  1  0  1  0/0    19:01   8:20   0:41 
Joachim Blichfeld        0  0  0   0  0   1  0  2  0  0  0/2    14:04   0:03   0:00 
Jordan Kyrou             0  0  0   1  0   1  4  1  0  0  2/3    18:39   7:40   0:00 
Josh Morrissey           0  0  0   2  0   0  3  0  0  0  0/0    18:02   3:41   1:18 
Jujhar Khaira            0  0  0   1  0   3  0  0  0  1  0/0    11:36   0:00   0:20 
Nikolaj Ehlers           0  1  1   1  0   2  0  1  0  0  0/1    15:16   4:18   0:00 
Pierre Engvall           0  0  0   0  0   1  0  0  0  0  0/0    11:08   0:00   1:39 
Rourke Chartier          0  0  0   0  0   0  1  1  0  0  1/2     9:38   0:03   0:00 
Seth Jones               0  1  1   1  0   5  0  1  1  0  0/0    27:06   8:20   0:00 
Tyler Toffoli            0  0  0   1  0   3  3  1  0  0  5/12   16:44   4:18   1:39 
Vincent Trocheck         1  0  1   1  0   1  0  0  0  0  6/10   11:36   0:00   0:20 
Wayne Simmonds           0  0  0   0  0   0  1  1  0  0  0/1     9:29   0:00   0:00 

Players Stats for Ducks

Player Name              G  A  P  +/- PIM S  H  SB GA TA FO     MP     PP MP  PK MP  
------------------------------------------------------------------------------------
Adam Gaudette            1  0  1   1  4   2  1  0  0  0  0/0    14:32   0:20   2:23 
Adam Larsson             0  0  0   0  4   2  3  3  0  1  0/0    22:58   0:02   3:56 
Adrian Kempe             0  0  0  -1  4   4  2  0  0  1  0/1    17:37   1:39   0:00 
Alex Pietrangelo         0  0  0   0  0   3  5  4  1  0  0/0    29:57   1:57   6:29 
Carter Verhaeghe         0  0  0  -1  0   2  0  0  0  0  1/3    15:39   0:00   0:00 
Cody Eakin               0  1  1   0  2   0  1  0  1  0  6/12   15:20   0:20   3:38 
Danny DeKeiser           0  0  0   0  0   0  2  1  0  0  0/0    19:30   1:57   6:24 
Frederick Gaudreau       0  0  0  -1  0   2  0  0  0  0  1/4     7:32   0:00   0:00 
John Carlson             0  0  0  -2  0   2  3  1  0  0  0/0    15:06   0:00   0:19 
Josh Anderson            0  0  0  -1  0   0  1  0  0  0  0/0    10:37   0:00   0:00 
Matt Martin              0  0  0   0  0   3  1  0  1  0  0/0     9:19   0:20   1:14 
Nico Hischier            0  0  0  -1  0   0  0  0  0  0  1/6    10:43   0:00   0:06 
Nikita Tryamkin          0  0  0   0  0   2  3  0  0  0  0/0    12:21   0:00   1:29 
Teemu Hartikainen        0  0  0  -2  0   2  2  1  0  0  0/1    14:54   0:00   3:37 
Tye McGinn               0  0  0   1  0   1  3  0  0  0  0/0    19:44   1:39   6:27 
Tyler Johnson            0  0  0  -1  0   1  0  2  0  0  23/37  24:31   1:39   6:37 
Tyler Myers              0  0  0  -2  0   0  1  2  0  1  0/0    20:13   0:02   5:25 
Zack MacEwen             0  0  0   0  0   0  0  0  0  0  0/0     7:19   0:00   0:00 

3 Stars

1 - Alexander Kerfoot (Stl)
2 - Filip Forsberg (Stl)
3 - Jake Oettinger (Stl)

Power Play

Blues - 1 on 7 Attempt(s) - 14.29%
Ducks - 0 on 1 Attempt(s) - 0.00%

Penalty Kill

Blues - 1 on 1 Attempt(s) - 100.00% - Score 0 goal in Penalty Kill
Ducks - 6 on 7 Attempt(s) - 85.71% - Score 0 goal in Penalty Kill

Team Stat

Blues - Hits : 19 - Faceoff Wins : 32 - Blocked Shots : 11 - Penalty Minutes : 2
Ducks - Hits : 28 - Faceoff Wins : 32 - Blocked Shots : 14 - Penalty Minutes : 14

Official

Referees : Trevor Hanson and Pierre Lambert
Linesman : Derek Amell and Shandor Alphonso

Game Notes

No Game Note

Finance

Level 1 -- Attendance: 6000 (100.00%) -- Ticket Income $600,000
Level 2 -- Attendance: 5000 (100.00%) -- Ticket Income $350,000
Level 3 -- Attendance: 2000 (100.00%) -- Ticket Income $80,000
Level 4 -- Attendance: 3941 (98.53%) -- Ticket Income $118,230
Luxury Box -- Attendance: 986 (98.60%) -- Ticket Income $197,200
Game was played at the Arrow head pond.
Total Attendance: 17927 (99.59%)
Total Ticket Income: $1,345,430
Other Income: $201,814
Total Income: $1,547,244

Blues

5 vs 5 Forward 
   Center                   Left Wing                Right Wing               Time % Phy DF OF 
 1 Alexander Kerfoot        Filip Forsberg           Joachim Blichfeld        40     0   2  3  
 2 Tyler Toffoli            Dominik Simon            Jordan Kyrou             30     0   2  3  
 3 Vincent Trocheck         Jujhar Khaira            Nikolaj Ehlers           20     1   2  2  
 4 Rourke Chartier          Pierre Engvall           Wayne Simmonds           10     0   3  2  

5 vs 5 Defense 
   Defense                  Defense                                           Time % Phy DF OF 
 1 Seth Jones               Ethan Bear                                        40     1   2  2  
 2 Henri Jokiharju          Cody Ceci                                         30     1   2  2  
 3 Josh Morrissey           Jeremy Lauzon                                     20     1   2  2  
 4 Josh Morrissey           Cody Ceci                                         10     1   2  2  

PowerPlay Forward 
   Center                   Left Wing                Right Wing               Time % Phy DF OF 
 1 Alexander Kerfoot        Filip Forsberg           Jordan Kyrou             60     0   2  3  
 2 Tyler Toffoli            Dominik Simon            Nikolaj Ehlers           40     0   2  3  

PowerPlay Defense
   Defense                  Defense                                           Time % Phy DF OF 
 1 Seth Jones               Jeremy Lauzon                                     60     0   2  3  
 2 Henri Jokiharju          Josh Morrissey                                    40     0   2  3  

Penalty Kill 4 Players Forward 
   Center                   Wing                     Time % Phy DF OF 
 1 Tyler Toffoli            Pierre Engvall           60     1   3  1  
 2 Vincent Trocheck         Jujhar Khaira            40     1   3  1  

Penalty Kill 4 Players Defense
   Defense                  Defense                  Time % Phy DF OF 
 1 Cody Ceci                Josh Morrissey           60     1   2  2  
 2 Jeremy Lauzon            Henri Jokiharju          40     1   2  2  

Penalty Kill - 3 Players Forward 
   Forward                                           Time % Phy DF OF 
 1 Pierre Engvall                                    60     1   2  2  
 2 Tyler Toffoli                                     40     1   2  2  

Penalty Kill - 3 Players Defense
   Defense                  Defense                  Time % Phy DF OF 
 1 Cody Ceci                Henri Jokiharju          60     1   2  2  
 2 Jeremy Lauzon            Josh Morrissey           40     1   2  2  

4 vs 4 Forward 
   Center                   Wing                     Time % Phy DF OF 
 1 Alexander Kerfoot        Filip Forsberg           60     1   2  2  
 2 Tyler Toffoli            Nikolaj Ehlers           40     1   2  2  

4 vs 4 Defense
   Defense                  Defense                  Time % Phy DF OF 
 1 Seth Jones               Ethan Bear               60     1   2  2  
 2 Cody Ceci                Henri Jokiharju          40     1   2  2  

Last Minutes Offensive
   Center                   Left Wing                Right Wing               Defense                  Defense                  
   Alexander Kerfoot        Filip Forsberg           Nikolaj Ehlers           Seth Jones               Jeremy Lauzon            

Last Minutes Defensive
   Center                   Left Wing                Right Wing               Defense                  Defense                  
   Tyler Toffoli            Jujhar Khaira            Wayne Simmonds           Seth Jones               Cody Ceci                

Goaltenders
Starting : Jake Oettinger           
Backup : Laurent Brossoit         

Extra Forwards
Normal : Jordan Kyrou, Nikolaj Ehlers, Alexander Kerfoot - PP : Rourke Chartier, Joachim Blichfeld - PK : Jujhar Khaira
Extra Defensemen
Normal : Cody Ceci, Josh Morrissey, Seth Jones - PP : Cody Ceci - PK : Seth Jones, Josh Morrissey
Penalty Shots
Jordan Kyrou, Rourke Chartier, Filip Forsberg, Joachim Blichfeld, Vincent Trocheck
Custom OT Lines Forwards
Filip Forsberg, Alexander Kerfoot, Wayne Simmonds, Nikolaj Ehlers, Tyler Toffoli, Jordan Kyrou, Vincent Trocheck, Jujhar Khaira, Joachim Blichfeld, Dominik Simon
Custom OT Lines Defensemen
Seth Jones, Henri Jokiharju, Josh Morrissey, Ethan Bear, Cody Ceci

Scratches
Andrew Shaw (Healthy), David Perron (Healthy), Drew Shore (Healthy), Travis Sanheim (Torn Left MCL Injury)

Ducks

5 vs 5 Forward 
   Center                   Left Wing                Right Wing               Time % Phy DF OF 
 1 Tyler Johnson            Carter Verhaeghe         Adrian Kempe             40     0   2  3  
 2 Cody Eakin               Tye McGinn               Adam Gaudette            30     0   2  3  
 3 Nico Hischier            Teemu Hartikainen        Josh Anderson            20     0   2  3  
 4 Frederick Gaudreau       Matt Martin              Zack MacEwen             10     0   2  3  

5 vs 5 Defense 
   Defense                  Defense                                           Time % Phy DF OF 
 1 Alex Pietrangelo         Adam Larsson                                      40     1   2  2  
 2 Tyler Myers              John Carlson                                      30     1   2  2  
 3 Danny DeKeiser           Nikita Tryamkin                                   20     1   2  2  
 4 Adam Larsson             Alex Pietrangelo                                  10     1   2  2  

PowerPlay Forward 
   Center                   Left Wing                Right Wing               Time % Phy DF OF 
 1 Tyler Johnson            Tye McGinn               Adrian Kempe             60     1   2  2  
 2 Cody Eakin               Matt Martin              Adam Gaudette            40     1   2  2  

PowerPlay Defense
   Defense                  Defense                                           Time % Phy DF OF 
 1 Alex Pietrangelo         Danny DeKeiser                                    60     1   2  2  
 2 Tyler Myers              Adam Larsson                                      40     1   2  2  

Penalty Kill 4 Players Forward 
   Center                   Wing                     Time % Phy DF OF 
 1 Tyler Johnson            Tye McGinn               60     1   2  2  
 2 Cody Eakin               Adam Gaudette            40     1   2  2  

Penalty Kill 4 Players Defense
   Defense                  Defense                  Time % Phy DF OF 
 1 Alex Pietrangelo         Danny DeKeiser           60     1   2  2  
 2 Tyler Myers              Adam Larsson             40     1   2  2  

Penalty Kill - 3 Players Forward 
   Forward                                           Time % Phy DF OF 
 1 Tyler Johnson                                     60     1   2  2  
 2 Tye McGinn                                        40     1   2  2  

Penalty Kill - 3 Players Defense
   Defense                  Defense                  Time % Phy DF OF 
 1 Alex Pietrangelo         Danny DeKeiser           60     1   2  2  
 2 Tyler Myers              Adam Larsson             40     1   2  2  

4 vs 4 Forward 
   Center                   Wing                     Time % Phy DF OF 
 1 Tyler Johnson            Tye McGinn               60     1   2  2  
 2 Nico Hischier            Adam Gaudette            40     1   2  2  

4 vs 4 Defense
   Defense                  Defense                  Time % Phy DF OF 
 1 Alex Pietrangelo         Danny DeKeiser           60     1   2  2  
 2 Tyler Myers              Adam Larsson             40     1   2  2  

Last Minutes Offensive
   Center                   Left Wing                Right Wing               Defense                  Defense                  
   Tyler Johnson            Tye McGinn               Adrian Kempe             Alex Pietrangelo         Danny DeKeiser           

Last Minutes Defensive
   Center                   Left Wing                Right Wing               Defense                  Defense                  
   Tyler Johnson            Tye McGinn               Adrian Kempe             Alex Pietrangelo         Danny DeKeiser           

Goaltenders
Starting : Michal Neuvirth          
Backup : Marek Mazanek            

Extra Forwards
Normal : Carter Verhaeghe, Frederick Gaudreau, Teemu Hartikainen - PP : Carter Verhaeghe, Frederick Gaudreau - PK : Teemu Hartikainen
Extra Defensemen
Normal : Alex Pietrangelo, John Carlson, Tyler Myers - PP : Alex Pietrangelo - PK : Nikita Tryamkin, Tyler Myers
Penalty Shots
Tyler Johnson, Tye McGinn, Adrian Kempe, Adam Gaudette, Matt Martin
Custom OT Lines Forwards
Tyler Johnson, Tye McGinn, Adrian Kempe, Adam Gaudette, Matt Martin, Cody Eakin, Carter Verhaeghe, Frederick Gaudreau, Teemu Hartikainen, Nico Hischier
Custom OT Lines Defensemen
Alex Pietrangelo, Danny DeKeiser, Tyler Myers, Adam Larsson, John Carlson

Scratches
Kevin Fiala (Broken Right Index Finger Injury)

% Time on Ice - Blues

Lines # - Real PCT - Wanted PCT - Time Play
Normal Forward
1 - 31% - 40% - 14:28
2 - 25% - 30% - 11:20
3 - 23% - 20% - 10:43
4 - 21% - 10% - 9:29
Normal Defense
1 - 41% - 40% - 19:01
2 - 33% - 30% - 15:07
3 - 18% - 20% - 8:29
4 - 7% - 10% - 3:23
PP Forward
1 - 64% - 60% - 7:43
2 - 36% - 40% - 4:18
PP Defense
1 - 69% - 60% - 8:20
2 - 31% - 40% - 3:41
PK Forward
1 - 83% - 60% - 1:39
2 - 17% - 40% - 0:20
PK Defense
1 - 66% - 60% - 1:18
2 - 34% - 40% - 0:41
PK3 Forward
1 - 0% - 60%
2 - 0% - 40%
PK3 Defense
1 - 0% - 60%
2 - 0% - 40%
44 Forward
1 - 0% - 60%
2 - 0% - 40%
44 Defense
1 - 0% - 60%
2 - 0% - 40%
Last Minute Offensive  - 0:00
Last Minute Defensive  - 0:00
Total
Forward - 60:00
Defense - 60:00

% Time on Ice - Ducks

Lines # - Real PCT - Wanted PCT - Time Play
Normal Forward
1 - 36% - 40% - 16:41
2 - 25% - 30% - 11:23
3 - 23% - 20% - 10:37
4 - 16% - 10% - 7:19
Normal Defense
1 - 40% - 40% - 18:33
2 - 35% - 30% - 16:10
3 - 21% - 20% - 9:43
4 - 3% - 10% - 1:34
PP Forward
1 - 83% - 60% - 1:39
2 - 17% - 40% - 0:20
PP Defense
1 - 98% - 60% - 1:57
2 - 2% - 40% - 0:02
PK Forward
1 - 64% - 60% - 7:44
2 - 36% - 40% - 4:17
PK Defense
1 - 53% - 60% - 6:24
2 - 47% - 40% - 5:37
PK3 Forward
1 - 0% - 60%
2 - 0% - 40%
PK3 Defense
1 - 0% - 60%
2 - 0% - 40%
44 Forward
1 - 0% - 60%
2 - 0% - 40%
44 Defense
1 - 0% - 60%
2 - 0% - 40%
Last Minute Offensive  - 0:00
Last Minute Defensive  - 0:00
Total
Forward - 60:00
Defense - 60:00

Play-by-Play

1st period


0:01 of 1st period - Alexander Kerfoot wins face-off versus Tyler Johnson in neutral zone.
0:26 of 1st period - Jordan Kyrou is hit by Alex Pietrangelo and loses puck.
1:19 of 1st period - Snap shot by Filip Forsberg.
1:19 of 1st period - Stopped by Michal Neuvirth without a rebound.
1:20 of 1st period - Vincent Trocheck wins face-off versus Tyler Johnson in Ducks zone.
1:20 of 1st period - Seth Jones is hit by Danny DeKeiser and loses puck.
1:35 of 1st period - Wrist shot by Jujhar Khaira.
1:35 of 1st period - Stopped by Michal Neuvirth without a rebound.
1:36 of 1st period - Jordan Kyrou wins face-off versus Cody Eakin in Ducks zone.
1:47 of 1st period - Snap shot by Dominik Simon.
1:47 of 1st period - Shot Misses the Net.
2:17 of 1st period - Wrist shot by Adrian Kempe.
2:17 of 1st period - Stopped by Jake Oettinger with a rebound.
2:57 of 1st period - Slapshot by John Carlson.
2:57 of 1st period - Stopped by Jake Oettinger with a rebound.
3:34 of 1st period - Danny DeKeiser is hit by Filip Forsberg and loses puck.
3:54 of 1st period - Slapshot by Cody Eakin.
3:54 of 1st period - Shot Blocked by Jeremy Lauzon.
3:56 of 1st period - Snap shot by Tye McGinn.
3:56 of 1st period - Shot Misses the Net.
3:58 of 1st period - Snap shot by Adam Gaudette.
3:58 of 1st period - Stopped by Jake Oettinger without a rebound.
3:59 of 1st period - Tyler Toffoli wins face-off versus Cody Eakin in Blues zone.
3:59 of 1st period - Tyler Toffoli is hit by Cody Eakin.
4:13 of 1st period - Snap shot by Dominik Simon.
4:13 of 1st period - Stopped by Michal Neuvirth without a rebound.
4:14 of 1st period - Alexander Kerfoot wins face-off versus Tyler Johnson in Ducks zone.
5:12 of 1st period - Slapshot by Adam Gaudette.
5:12 of 1st period - Shot Misses the Net.
5:51 of 1st period - Minor Penalty to Adrian Kempe for Hooking.
5:52 of 1st period - Alexander Kerfoot wins face-off versus Tyler Johnson in Ducks zone.
5:58 of 1st period - Wrist shot by Alexander Kerfoot.
5:58 of 1st period - Goal by Alexander Kerfoot - Blues : 1 - Ducks : 0.
5:59 of 1st period - Tyler Johnson wins face-off versus Alexander Kerfoot in neutral zone.
6:08 of 1st period - Adrian Kempe is hit by Filip Forsberg and loses puck.
6:30 of 1st period - Slapshot by Dominik Simon.
6:30 of 1st period - Goal by Dominik Simon - Blues : 2 - Ducks : 0.
6:31 of 1st period - Alexander Kerfoot wins face-off versus Adrian Kempe in neutral zone.
7:18 of 1st period - Seth Jones is hit by Alex Pietrangelo and loses puck.
7:25 of 1st period - Snap shot by Teemu Hartikainen.
7:25 of 1st period - Stopped by Jake Oettinger without a rebound.
7:26 of 1st period - Alexander Kerfoot wins face-off versus Carter Verhaeghe in Blues zone.
7:37 of 1st period - Snap shot by Seth Jones.
7:37 of 1st period - Stopped by Michal Neuvirth with a rebound.
7:39 of 1st period - Wrist shot by Joachim Blichfeld.
7:39 of 1st period - Stopped by Michal Neuvirth with a rebound.
7:41 of 1st period - Slapshot by Seth Jones.
7:41 of 1st period - Stopped by Michal Neuvirth with a rebound.
7:43 of 1st period - Wrist shot by Seth Jones.
7:43 of 1st period - Stopped by Michal Neuvirth with a rebound.
7:53 of 1st period - Dominik Simon is hit by Nikita Tryamkin and loses puck.
8:00 of 1st period - Danny DeKeiser is hit by Tyler Toffoli and loses puck.
8:15 of 1st period - Jeremy Lauzon is hit by Tye McGinn.
9:09 of 1st period - Snap shot by Teemu Hartikainen.
9:09 of 1st period - Shot Blocked by Ethan Bear.
9:28 of 1st period - Slapshot by Alex Pietrangelo.
9:28 of 1st period - Stopped by Jake Oettinger without a rebound.
9:29 of 1st period - Cody Eakin wins face-off versus Alexander Kerfoot in Blues zone.
9:42 of 1st period - Snap shot by Adam Gaudette.
9:42 of 1st period - Goal by Adam Gaudette - Blues : 2 - Ducks : 1.
9:43 of 1st period - Tyler Johnson wins face-off versus Filip Forsberg in neutral zone.
9:46 of 1st period - Cody Ceci is hit by Adam Larsson and loses puck.
10:09 of 1st period - Tyler Toffoli is hit by Adam Larsson and loses puck.
11:25 of 1st period - Snap shot by Vincent Trocheck.
11:25 of 1st period - Shot Misses the Net.
11:27 of 1st period - Snap shot by Nikolaj Ehlers.
11:27 of 1st period - Shot Blocked by Tyler Johnson.
11:29 of 1st period - Wrist shot by Nikolaj Ehlers.
11:29 of 1st period - Stopped by Michal Neuvirth without a rebound.
11:30 of 1st period - Cody Eakin wins face-off versus Alexander Kerfoot in Ducks zone.
11:57 of 1st period - Dominik Simon is hit by Alex Pietrangelo and loses puck.
12:10 of 1st period - Snap shot by Matt Martin.
12:10 of 1st period - Stopped by Jake Oettinger with a rebound.
13:02 of 1st period - John Carlson is hit by Tyler Toffoli and loses puck.
13:56 of 1st period - Snap shot by Matt Martin.
13:56 of 1st period - Shot Blocked by Joachim Blichfeld.
13:58 of 1st period - Snap shot by Danny DeKeiser.
13:58 of 1st period - Deflect By Frederick Gaudreau.
13:58 of 1st period - Stopped by Jake Oettinger with a rebound.
14:00 of 1st period - Snap shot by Nikita Tryamkin.
14:00 of 1st period - Shot Misses the Net.
14:10 of 1st period - Joachim Blichfeld is hit by Danny DeKeiser and loses puck.
14:15 of 1st period - Wrist shot by Nico Hischier.
14:15 of 1st period - Shot Blocked by Joachim Blichfeld.
14:17 of 1st period - Wrist shot by Teemu Hartikainen.
14:17 of 1st period - Shot Misses the Net.
14:19 of 1st period - Slapshot by Teemu Hartikainen.
14:19 of 1st period - Stopped by Jake Oettinger with a rebound.
14:33 of 1st period - Slapshot by Seth Jones.
14:33 of 1st period - Deflect By Pierre Engvall.
14:33 of 1st period - Shot Misses the Net.
14:33 of 1st period - Puck is out of play.
14:34 of 1st period - Frederick Gaudreau wins face-off versus Wayne Simmonds in Ducks zone.
14:34 of 1st period - Frederick Gaudreau is hit by Josh Morrissey.
15:00 of 1st period - Matt Martin is hit by Josh Morrissey and loses puck.
15:35 of 1st period - Snap shot by Matt Martin.
15:35 of 1st period - Stopped by Jake Oettinger with a rebound.
15:43 of 1st period - Snap shot by Frederick Gaudreau.
15:43 of 1st period - Stopped by Jake Oettinger without a rebound.
15:44 of 1st period - Tyler Johnson wins face-off versus Alexander Kerfoot in Blues zone.
15:45 of 1st period - Snap shot by Adrian Kempe.
15:45 of 1st period - Stopped by Jake Oettinger without a rebound.
15:46 of 1st period - Filip Forsberg wins face-off versus Carter Verhaeghe in Blues zone.
16:58 of 1st period - Wrist shot by Filip Forsberg.
16:58 of 1st period - Stopped by Michal Neuvirth without a rebound.
16:59 of 1st period - Tyler Johnson wins face-off versus Alexander Kerfoot in Ducks zone.
17:13 of 1st period - Slapshot by Nikita Tryamkin.
17:13 of 1st period - Stopped by Jake Oettinger without a rebound.
17:14 of 1st period - Cody Eakin wins face-off versus Tyler Toffoli in Blues zone.
18:03 of 1st period - Snap shot by Tyler Toffoli.
18:03 of 1st period - Stopped by Michal Neuvirth with a rebound.
18:05 of 1st period - Slapshot by Ethan Bear.
18:05 of 1st period - Shot Misses the Net.
18:07 of 1st period - Snap shot by Seth Jones.
18:07 of 1st period - Deflect By Danny DeKeiser.
18:07 of 1st period - Stopped by Michal Neuvirth without a rebound.
18:08 of 1st period - Tyler Johnson wins face-off versus Alexander Kerfoot in Ducks zone.
18:35 of 1st period - Adrian Kempe is hit by Cody Ceci and loses puck.
18:50 of 1st period - Wrist shot by Adam Larsson.
18:50 of 1st period - Deflect By Adrian Kempe.
18:50 of 1st period - Stopped by Jake Oettinger without a rebound.
18:51 of 1st period - Cody Eakin wins face-off versus Alexander Kerfoot in Blues zone.
19:00 of 1st period - Wrist shot by Adam Gaudette.
19:00 of 1st period - Shot Misses the Net.
19:02 of 1st period - Minor Penalty to Ethan Bear for High sticking.
19:03 of 1st period - Tyler Toffoli wins face-off versus Tyler Johnson in Blues zone.
19:03 of 1st period - Tyler Toffoli is hit by Alex Pietrangelo.
19:15 of 1st period - Snap shot by Adrian Kempe.
19:15 of 1st period - Deflect By Tyler Johnson.
19:15 of 1st period - Shot Blocked by Cody Ceci.
19:15 of 1st period - Puck is out of play.
19:16 of 1st period - Tyler Johnson wins face-off versus Tyler Toffoli in Blues zone.
Goals for this period are 2 for Blues vs 1 for Ducks.
Shots for this period are 13 for Blues vs 14 for Ducks.

2nd period


0:01 of 2nd period - Tyler Johnson wins face-off versus Tyler Toffoli in neutral zone.
0:06 of 2nd period - Snap shot by Adrian Kempe.
0:06 of 2nd period - Shot Blocked by Tyler Toffoli.
0:08 of 2nd period - Snap shot by Alex Pietrangelo.
0:08 of 2nd period - Deflect By Tyler Johnson.
0:08 of 2nd period - Stopped by Jake Oettinger without a rebound.
0:09 of 2nd period - Tyler Johnson wins face-off versus Tyler Toffoli in Blues zone.
1:02 of 2nd period - Penalty to Ethan Bear is over, Ethan Bear is back on ice.
1:34 of 2nd period - Snap shot by Adrian Kempe.
1:34 of 2nd period - Stopped by Jake Oettinger without a rebound.
1:35 of 2nd period - Alexander Kerfoot wins face-off versus Nico Hischier in Blues zone.
1:35 of 2nd period - Filip Forsberg is hit by Josh Anderson and loses puck.
1:47 of 2nd period - Snap shot by Filip Forsberg.
1:47 of 2nd period - Stopped by Michal Neuvirth without a rebound.
1:48 of 2nd period - Filip Forsberg wins face-off versus Teemu Hartikainen in Ducks zone.
2:13 of 2nd period - Dominik Simon is hit by John Carlson.
2:21 of 2nd period - Snap shot by Tyler Toffoli.
2:21 of 2nd period - Stopped by Michal Neuvirth with a rebound.
2:39 of 2nd period - Wrist shot by Vincent Trocheck.
2:39 of 2nd period - Shot Blocked by Tyler Myers.
2:41 of 2nd period - Snap shot by Vincent Trocheck.
2:41 of 2nd period - Shot Misses the Net.
2:43 of 2nd period - Slapshot by Cody Ceci.
2:43 of 2nd period - Stopped by Michal Neuvirth without a rebound.
2:44 of 2nd period - Alexander Kerfoot wins face-off versus Cody Eakin in Ducks zone.
3:21 of 2nd period - Slapshot by Alex Pietrangelo.
3:21 of 2nd period - Shot Misses the Net.
3:43 of 2nd period - Wrist shot by Nikolaj Ehlers.
3:43 of 2nd period - Shot Misses the Net.
3:57 of 2nd period - Wrist shot by Nico Hischier.
3:57 of 2nd period - Deflect By Josh Anderson.
3:57 of 2nd period - Shot Blocked by Rourke Chartier.
3:57 of 2nd period - Puck is out of play.
3:58 of 2nd period - Alexander Kerfoot wins face-off versus Nico Hischier in Blues zone.
4:13 of 2nd period - Snap shot by John Carlson.
4:13 of 2nd period - Stopped by Jake Oettinger without a rebound.
4:14 of 2nd period - Tyler Toffoli wins face-off versus Tyler Johnson in Blues zone.
4:14 of 2nd period - Tyler Toffoli is hit by Adam Larsson.
4:51 of 2nd period - Snap shot by Joachim Blichfeld.
4:51 of 2nd period - Shot Misses the Net.
4:53 of 2nd period - Minor Penalty to Adam Larsson for Tripping.
4:54 of 2nd period - Tyler Johnson wins face-off versus Alexander Kerfoot in Ducks zone.
5:05 of 2nd period - Snap shot by Jeremy Lauzon.
5:05 of 2nd period - Stopped by Michal Neuvirth without a rebound.
5:06 of 2nd period - Jordan Kyrou wins face-off versus Tyler Johnson in Ducks zone.
5:15 of 2nd period - Slapshot by Alexander Kerfoot.
5:15 of 2nd period - Deflect By Jordan Kyrou.
5:15 of 2nd period - Stopped by Michal Neuvirth with a rebound.
5:17 of 2nd period - Slapshot by Seth Jones.
5:17 of 2nd period - Shot Misses the Net.
5:19 of 2nd period - Backhand shot by Filip Forsberg.
5:19 of 2nd period - Shot Blocked by Alex Pietrangelo.
5:21 of 2nd period - Wrist shot by Filip Forsberg.
5:21 of 2nd period - Shot Misses the Net.
5:23 of 2nd period - Backhand shot by Jeremy Lauzon.
5:23 of 2nd period - Stopped by Michal Neuvirth without a rebound.
5:24 of 2nd period - Tyler Toffoli wins face-off versus Tyler Johnson in Ducks zone.
5:33 of 2nd period - Wrist shot by Dominik Simon.
5:33 of 2nd period - Shot Misses the Net.
5:35 of 2nd period - Wrist shot by Dominik Simon.
5:35 of 2nd period - Stopped by Michal Neuvirth without a rebound.
5:36 of 2nd period - Tyler Johnson wins face-off versus Alexander Kerfoot in Ducks zone.
5:36 of 2nd period - Tyler Johnson is hit by Jordan Kyrou.
6:53 of 2nd period - Penalty to Adam Larsson is over, Adam Larsson is back on ice.
6:58 of 2nd period - Nikita Tryamkin is hit by Rourke Chartier and loses puck.
7:31 of 2nd period - Slapshot by Henri Jokiharju.
7:31 of 2nd period - Deflect By Pierre Engvall.
7:31 of 2nd period - Shot Misses the Net.
7:31 of 2nd period - Puck is out of play.
7:32 of 2nd period - Vincent Trocheck wins face-off versus Nico Hischier in Ducks zone.
8:01 of 2nd period - Slapshot by Nikita Tryamkin.
8:01 of 2nd period - Stopped by Jake Oettinger without a rebound.
8:02 of 2nd period - Tyler Johnson wins face-off versus Alexander Kerfoot in Blues zone.
8:47 of 2nd period - Icing by Seth Jones.
8:48 of 2nd period - Tyler Toffoli wins face-off versus Frederick Gaudreau in Blues zone.
9:52 of 2nd period - Tyler Toffoli is hit by Tye McGinn and loses puck.
10:07 of 2nd period - Backhand shot by Alexander Kerfoot.
10:07 of 2nd period - Shot Blocked by Adam Larsson.
10:29 of 2nd period - Wrist shot by Rourke Chartier.
10:29 of 2nd period - Shot Blocked by Alex Pietrangelo.
10:51 of 2nd period - Snap shot by Jujhar Khaira.
10:51 of 2nd period - Stopped by Michal Neuvirth without a rebound.
10:52 of 2nd period - Alexander Kerfoot wins face-off versus Cody Eakin in Ducks zone.
11:18 of 2nd period - Danny DeKeiser is hit by Jordan Kyrou.
11:42 of 2nd period - Ethan Bear is hit by Teemu Hartikainen and loses puck.
11:54 of 2nd period - Minor Penalty to Cody Eakin for Holding.
11:55 of 2nd period - Tyler Johnson wins face-off versus Alexander Kerfoot in Ducks zone.
11:55 of 2nd period - Tyler Johnson is hit by Jordan Kyrou.
12:55 of 2nd period - Tye McGinn is hit by Filip Forsberg and loses puck.
13:07 of 2nd period - Icing by Tyler Toffoli.
13:08 of 2nd period - Tyler Johnson wins face-off versus Nikolaj Ehlers in Blues zone.
13:54 of 2nd period - Penalty to Cody Eakin is over, Cody Eakin is back on ice.
14:24 of 2nd period - Josh Morrissey is hit by Nikita Tryamkin and loses puck.
15:05 of 2nd period - Adam Larsson is hit by Tyler Toffoli and loses puck.
15:30 of 2nd period - Wayne Simmonds is hit by Matt Martin and loses puck.
15:49 of 2nd period - Snap shot by Nikolaj Ehlers.
15:49 of 2nd period - Stopped by Michal Neuvirth with a rebound.
15:51 of 2nd period - Backhand shot by Vincent Trocheck.
15:51 of 2nd period - Shot Misses the Net.
15:53 of 2nd period - Wrist shot by Nikolaj Ehlers.
15:53 of 2nd period - Shot Misses the Net.
16:03 of 2nd period - Ethan Bear is hit by Tye McGinn and loses puck.
16:13 of 2nd period - Icing by Nikita Tryamkin.
16:14 of 2nd period - Cody Eakin wins face-off versus Tyler Toffoli in Ducks zone.
16:29 of 2nd period - Snap shot by Cody Eakin.
16:29 of 2nd period - Shot Misses the Net.
16:31 of 2nd period - Snap shot by Adam Gaudette.
16:31 of 2nd period - Shot Misses the Net.
16:33 of 2nd period - Wrist shot by Adam Gaudette.
16:33 of 2nd period - Deflect By Tye McGinn.
16:33 of 2nd period - Shot Misses the Net.
16:33 of 2nd period - Puck is out of play.
16:34 of 2nd period - Filip Forsberg wins face-off versus Tyler Johnson in Blues zone.
16:34 of 2nd period - Filip Forsberg is hit by Alex Pietrangelo.
16:42 of 2nd period - Wrist shot by Filip Forsberg.
16:42 of 2nd period - Shot Misses the Net.
16:57 of 2nd period - Minor Penalty to Adam Larsson for Cross-checking.
16:58 of 2nd period - Tyler Johnson wins face-off versus Alexander Kerfoot in Ducks zone.
16:58 of 2nd period - Tyler Johnson is hit by Jordan Kyrou.
18:30 of 2nd period - Tyler Toffoli is hit by Tyler Myers and loses puck.
18:57 of 2nd period - Penalty to Adam Larsson is over, Adam Larsson is back on ice.
19:19 of 2nd period - Rourke Chartier is hit by Teemu Hartikainen and loses puck.
19:35 of 2nd period - Pierre Engvall is hit by Nikita Tryamkin and loses puck.
19:42 of 2nd period - Slapshot by Cody Ceci.
19:42 of 2nd period - Shot Blocked by Alex Pietrangelo.
19:54 of 2nd period - Wrist shot by Pierre Engvall.
19:54 of 2nd period - Stopped by Michal Neuvirth with a rebound.
19:56 of 2nd period - Wrist shot by Wayne Simmonds.
19:56 of 2nd period - Shot Misses the Net.
19:58 of 2nd period - Wrist shot by Wayne Simmonds.
19:58 of 2nd period - Deflect By Pierre Engvall.
19:58 of 2nd period - Shot Blocked by Alex Pietrangelo.
19:58 of 2nd period - Puck is out of play.
19:59 of 2nd period - Tyler Johnson wins face-off versus Tyler Toffoli in Ducks zone.
Goals for this period are 0 for Blues vs 0 for Ducks.
Shots for this period are 10 for Blues vs 4 for Ducks.

3rd period


0:01 of 3rd period - Tyler Johnson wins face-off versus Joachim Blichfeld in neutral zone.
0:11 of 3rd period - Snap shot by Ethan Bear.
0:11 of 3rd period - Stopped by Michal Neuvirth without a rebound.
0:12 of 3rd period - Alexander Kerfoot wins face-off versus Tyler Johnson in Ducks zone.
0:28 of 3rd period - Minor Penalty to Adrian Kempe for Tripping.
0:29 of 3rd period - Alexander Kerfoot wins face-off versus Tyler Johnson in Ducks zone.
0:39 of 3rd period - Snap shot by Filip Forsberg.
0:39 of 3rd period - Deflect By Tyler Johnson.
0:39 of 3rd period - Stopped by Michal Neuvirth with a rebound.
0:59 of 3rd period - Tyler Johnson is hit by Jeremy Lauzon and loses puck.
1:16 of 3rd period - Josh Morrissey is hit by Adam Gaudette and loses puck.
2:28 of 3rd period - Penalty to Adrian Kempe is over, Adrian Kempe is back on ice.
2:31 of 3rd period - Tyler Myers is hit by Filip Forsberg and loses puck.
4:03 of 3rd period - Minor Penalty to Adam Gaudette for Roughing.
4:04 of 3rd period - Alexander Kerfoot wins face-off versus Tyler Johnson in Ducks zone.
4:13 of 3rd period - Snap shot by Alexander Kerfoot.
4:13 of 3rd period - Stopped by Michal Neuvirth without a rebound.
4:14 of 3rd period - Tyler Johnson wins face-off versus Jordan Kyrou in Ducks zone.
5:13 of 3rd period - Slapshot by Filip Forsberg.
5:13 of 3rd period - Shot Misses the Net.
5:17 of 3rd period - Snap shot by Alexander Kerfoot.
5:17 of 3rd period - Shot Blocked by Adam Larsson.
5:19 of 3rd period - Snap shot by Filip Forsberg.
5:19 of 3rd period - Shot Misses the Net.
5:21 of 3rd period - Slapshot by Jeremy Lauzon.
5:21 of 3rd period - Shot Blocked by Teemu Hartikainen.
5:23 of 3rd period - Snap shot by Jordan Kyrou.
5:23 of 3rd period - Shot Blocked by Adam Larsson.
6:03 of 3rd period - Penalty to Adam Gaudette is over, Adam Gaudette is back on ice.
6:17 of 3rd period - Snap shot by Alex Pietrangelo.
6:17 of 3rd period - Deflect By Tye McGinn.
6:17 of 3rd period - Shot Blocked by Jordan Kyrou.
6:17 of 3rd period - Puck is out of play.
6:18 of 3rd period - Vincent Trocheck wins face-off versus Frederick Gaudreau in Blues zone.
6:45 of 3rd period - Slapshot by Josh Morrissey.
6:45 of 3rd period - Shot Misses the Net.
6:47 of 3rd period - Backhand shot by Cody Ceci.
6:47 of 3rd period - Stopped by Michal Neuvirth with a rebound.
6:49 of 3rd period - Slapshot by Cody Ceci.
6:49 of 3rd period - Shot Blocked by Danny DeKeiser.
6:51 of 3rd period - Slapshot by Cody Ceci.
6:51 of 3rd period - Shot Blocked by Tyler Johnson.
6:53 of 3rd period - Slapshot by Cody Ceci.
6:53 of 3rd period - Stopped by Michal Neuvirth without a rebound.
6:54 of 3rd period - Rourke Chartier wins face-off versus Frederick Gaudreau in Ducks zone.
7:50 of 3rd period - Snap shot by Carter Verhaeghe.
7:50 of 3rd period - Stopped by Jake Oettinger without a rebound.
7:51 of 3rd period - Carter Verhaeghe wins face-off versus Tyler Toffoli in Blues zone.
7:54 of 3rd period - Slapshot by Alex Pietrangelo.
7:54 of 3rd period - Shot Blocked by Nikolaj Ehlers.
7:56 of 3rd period - Slapshot by Adam Larsson.
7:56 of 3rd period - Stopped by Jake Oettinger with a rebound.
7:58 of 3rd period - Slapshot by Alex Pietrangelo.
7:58 of 3rd period - Stopped by Jake Oettinger without a rebound.
7:59 of 3rd period - Tyler Johnson wins face-off versus Rourke Chartier in Blues zone.
8:10 of 3rd period - Seth Jones is hit by Adrian Kempe.
8:17 of 3rd period - Alex Pietrangelo is hit by Wayne Simmonds and loses puck.
8:40 of 3rd period - Snap shot by Cody Eakin.
8:40 of 3rd period - Shot Blocked by Seth Jones.
9:05 of 3rd period - Nico Hischier is hit by Josh Morrissey and loses puck.
9:41 of 3rd period - Off-side.
9:42 of 3rd period - Tyler Johnson wins face-off versus Vincent Trocheck in neutral zone.
10:00 of 3rd period - Icing by Jujhar Khaira.
10:01 of 3rd period - Cody Eakin wins face-off versus Vincent Trocheck in Blues zone.
10:02 of 3rd period - Slapshot by Alex Pietrangelo.
10:02 of 3rd period - Stopped by Jake Oettinger with a rebound.
11:24 of 3rd period - Slapshot by Alex Pietrangelo.
11:24 of 3rd period - Shot Blocked by Wayne Simmonds.
11:26 of 3rd period - Snap shot by Matt Martin.
11:26 of 3rd period - Stopped by Jake Oettinger with a rebound.
11:28 of 3rd period - Snap shot by Adam Larsson.
11:28 of 3rd period - Stopped by Jake Oettinger without a rebound.
11:29 of 3rd period - Tyler Johnson wins face-off versus Joachim Blichfeld in Blues zone.
12:04 of 3rd period - Slapshot by Seth Jones.
12:04 of 3rd period - Shot Blocked by Tyler Myers.
12:06 of 3rd period - Slapshot by Ethan Bear.
12:06 of 3rd period - Stopped by Michal Neuvirth without a rebound.
12:07 of 3rd period - Alexander Kerfoot wins face-off versus Cody Eakin in Ducks zone.
12:20 of 3rd period - Slapshot by Alexander Kerfoot.
12:20 of 3rd period - Shot Misses the Net.
12:30 of 3rd period - Minor Penalty to Adam Gaudette for Roughing.
12:31 of 3rd period - Alexander Kerfoot wins face-off versus Tyler Johnson in Ducks zone.
14:25 of 3rd period - Matt Martin is hit by Alexander Kerfoot and loses puck.
14:30 of 3rd period - Penalty to Adam Gaudette is over, Adam Gaudette is back on ice.
15:10 of 3rd period - Icing by Seth Jones.
15:11 of 3rd period - Vincent Trocheck wins face-off versus Cody Eakin in Blues zone.
15:11 of 3rd period - Vincent Trocheck is hit by John Carlson.
16:14 of 3rd period - Wrist shot by Jeremy Lauzon.
16:14 of 3rd period - Shot Misses the Net.
16:22 of 3rd period - Wrist shot by Vincent Trocheck.
16:22 of 3rd period - Goal by Vincent Trocheck - Blues : 3 - Ducks : 1.
16:23 of 3rd period - Vincent Trocheck wins face-off versus Nico Hischier in neutral zone.
16:32 of 3rd period - Snap shot by Jujhar Khaira.
16:32 of 3rd period - Shot Misses the Net.
16:34 of 3rd period - Slapshot by Jeremy Lauzon.
16:34 of 3rd period - Shot Blocked by John Carlson.
16:36 of 3rd period - Snap shot by Jujhar Khaira.
16:36 of 3rd period - Stopped by Michal Neuvirth without a rebound.
16:37 of 3rd period - Tyler Johnson wins face-off versus Vincent Trocheck in Ducks zone.
16:45 of 3rd period - Off-side.
16:46 of 3rd period - Tyler Johnson wins face-off versus Vincent Trocheck in neutral zone.
16:51 of 3rd period - Wrist shot by Carter Verhaeghe.
16:51 of 3rd period - Deflect By Nikolaj Ehlers.
16:51 of 3rd period - Stopped by Jake Oettinger without a rebound.
16:52 of 3rd period - Vincent Trocheck wins face-off versus Nico Hischier in Blues zone.
17:19 of 3rd period - Seth Jones is hit by Adrian Kempe and loses puck.
17:27 of 3rd period - Icing by Alexander Kerfoot.
17:28 of 3rd period - Tyler Johnson wins face-off versus Alexander Kerfoot in Blues zone.
17:49 of 3rd period - Slapshot by Alexander Kerfoot.
17:49 of 3rd period - Goal by Alexander Kerfoot - Blues : 4 - Ducks : 1.
17:50 of 3rd period - Alexander Kerfoot wins face-off versus Tyler Johnson in neutral zone.
17:57 of 3rd period - Slapshot by Seth Jones.
17:57 of 3rd period - Deflect By Alex Pietrangelo.
17:57 of 3rd period - Stopped by Michal Neuvirth with a rebound.
18:31 of 3rd period - Slapshot by Tye McGinn.
18:31 of 3rd period - Stopped by Jake Oettinger without a rebound.
18:32 of 3rd period - Nico Hischier wins face-off versus Alexander Kerfoot in Blues zone.
18:58 of 3rd period - Jordan Kyrou is hit by John Carlson and loses puck.
19:05 of 3rd period - Snap shot by Tyler Toffoli.
19:05 of 3rd period - Stopped by Michal Neuvirth with a rebound.
Goals for this period are 2 for Blues vs 0 for Ducks.
Shots for this period are 11 for Blues vs 8 for Ducks.